 Dungeon Crawl Stone Soup version 0.22.1-1-ga44c0e5 (webtiles) character file.

257 brandon the Skirmisher (level 5, -22/51 HPs)
             Began as a Minotaur Berserker on Oct 1, 2018.
             Was a Believer of Trog.
             Annihilated by an ogre
             ... wielding a +0 giant club
              (26 damage)
             ... on level 4 of the Dungeon.
             The game lasted 00:04:50 (3400 turns).

brandon the Skirmisher (Minotaur Berserker)         Turns: 3400, Time: 00:04:51

Health: -22/51     AC: 10    Str: 22    XL:     5   Next: 93%
Magic:  4/4        EV:  6    Int:  4    God:    Trog [**....]
Gold:   182        SH:  6    Dex: 10    Spells: 4/4 levels left

rFire    . . .     SeeInvis +   a - +0 mace
rCold    . . .     Gourm    .   p - -1 shield (curse)
rNeg     . . .     Faith    .   s - +0 chain mail
rPois    .         Spirit   .   (helmet restricted)
rElec    .         Reflect  .   q - +0 cloak
rCorr    .         Harm     .   (no gloves)
MR       .....                  (no boots)
Stlth    ..........             (no amulet)
HPRegen  0.17/turn              r - ring of stealth
MPRegen  0.09/turn              o - ring of see invisible

@: very slow
A: retaliatory headbutt, horns 2
a: Berserk, Trog's Hand, Renounce Religion


You were on level 4 of the Dungeon.
You worshipped Trog.
Trog was pleased with you.
You were hungry.

You visited 1 branch of the dungeon, and saw 4 of its levels.

You collected 182 gold pieces.

Inventory:

Hand Weapons
 a - a +0 mace (weapon)
Armour
 p - a cursed -1 shield (worn)
 q - a +0 cloak (worn)
 s - a +0 chain mail (worn)
Jewellery
 o - a ring of see invisible (right hand)
 r - a ring of stealth (left hand)
Scrolls
 e - 2 scrolls of random uselessness {unknown}
 h - a scroll of amnesia {unknown}
 i - 7 scrolls of identify {unknown}
 m - a scroll of blinking {unknown}
 n - a scroll of remove curse {unknown}
 t - a scroll of noise {unknown}
 v - a scroll of enchant weapon {unknown}
Potions
 b - a potion of lignification {unknown}
 d - a potion of heal wounds {unknown}
 f - a potion of cancellation {unknown}
 g - 2 potions of flight {unknown}
 j - a potion of berserk rage {unknown}
 k - 2 potions of brilliance {unknown}
 l - a potion of haste {unknown}
Comestibles
 c - 3 rations


   Skills:
 * Level 6.8 Fighting
 - Level 3.7 Maces & Flails
 + Level 3.6 Armour
 + Level 3.1 Dodging
 + Level 1.0 Stealth
 + Level 0.5 Shields


You had 4 spell levels left.
You didn't know any spells.
Your spell library was empty.

Dungeon Overview and Level Annotations

Branches:
Dungeon (4/15)
 Temple: D:4-7

Altars:
Ashenzari


Innate Abilities, Weirdness & Mutations

You reflexively headbutt those who attack you in melee.
You have a pair of horns on your head.


Message History

What are your orders? t - Shout!
Orders for allies: a - Attack new target. r - Retreat! s - Stop attacking. g - Guard the area. f - Follow me.
Anything else - Cancel.
Okay, then.
The ogre hits you with a giant club! The ogre hits you with a giant club!
A dart slug comes into view.
Your shield and chain mail prevent you from hitting the ogre.
Your headbutt misses the ogre. The ogre hits you with a giant club!
* * * LOW HITPOINT WARNING * * *
The dart slug launches a dart at you. The slug dart hits you!
Your unstable footing causes you to fumble your attack.
You are feeling hungry.
The ogre hits you with a giant club!!
Ouch! That really hurt!
You die...

.#.#.##≈≈≈≈≈.##
...≈≈≈≈≈≈≈#≈≈≈####
.#≈≈≈≈≈.)≈≈≈≈≈≈#.# .
#.≈≈≈≈†...≈≈≈≈≈..## ..
#≈≈≈≈≈≈?.≈≈≈≈≈≈≈..###...
≈≈≈≈≈≈≈†$≈≈≈≈≈≈≈≈...!..
≈≈#≈≈≈≈.?.≈≈≈≈≈≈≈..>..
.≈#≈≈≈≈)<.≈≈≈≈≈≈O.#
≈#≈≈≈≈≈..(≈≈≈≈≈≈@#
≈≈≈≈≈≈#≈.≈#≈≈#≈≈≈.......
.≈≈≈≈≈≈≈⌠≈≈≈≈≈w≈..######
..≈≈#≈.≈.?≈≈≈≈≈...#
..≈≈≈≈#...≈≈≈≈≈#..#
#..≈≈#≈≈≈≈≈≈≈####.#
##...≈≈≈≈≈≈≈.# .#
#....≈≈.≈≈##.# ##
####.#..### ...


You could see an ogre and a dart slug.

Vanquished Creatures
  A howler monkey (D:4)
  An orc priest (D:3)
  Terence (D:3)
  A worker ant (D:3)
  6 adders
  3 worms
  5 dart slugs (D:4)
  7 orcs
  2 giant cockroaches
  12 goblins
  11 hobgoblins
  A kobold (D:3)
  2 quokkas
  A ball python (D:1)
  5 bats
  A frilled lizard (D:4)
  6 rats
66 creatures vanquished.

Notes
Turn   | Place    | Note
-------+----------+-------------------------------------------
     0 | D:1      | brandon the Minotaur Berserker began the quest for the Orb.
     0 | D:1      | Reached XP level 1. HP: 19/19 MP: 0/0
   443 | D:1      | Reached skill level 4 in Fighting
   453 | D:1      | Reached XP level 2. HP: 27/27 MP: 1/1
  1022 | D:2      | Reached XP level 3. HP: 21/34 MP: 2/2
  1232 | D:2      | Reached skill level 5 in Fighting
  1361 | D:2      | Reached XP level 4. HP: 37/42 MP: 3/3
  1812 | D:2      | Found a shattered altar of Ashenzari.
  2309 | D:3      | Reached ** piety under Trog
  2309 | D:3      | Reached skill level 6 in Fighting
  2587 | D:3      | Noticed Terence
  2600 | D:3      | Killed Terence
  2600 | D:3      | Reached XP level 5. HP: 43/50 MP: 4/4
  3342 | D:4      | Reached skill level 1 in Stealth
  3395 | D:4      | Noticed an ogre
  3400 | D:4      | Annihilated by an ogre

Skill      XL: |  1  2  3  4  5 |
---------------+----------------+-----
Fighting       | 4 5 6 |  6.8
Armour         | 3 |  3.6
Dodging        | 3 |  3.1
Stealth        | 1 |  1.0
Maces & Flails | |  3.7
Shields        | |  0.5

Action                   |  1- 3 |  4- 6 || total
-------------------------+-------+-------++-------
Melee: Mace              |    50 |    96 ||   146
       Headbutt          |     8 |    23 ||    31
 Stab: Sleeping          |     2 |       ||     2
  Eat: Chunk             |     1 |     3 ||     4
       Ration            |       |     1 ||     1
Armor: Animal skin       |     5 |     2 ||     7
       Scale mail        |       |     9 ||     9
       Chain mail        |       |    38 ||    38
Dodge: Dodged            |    31 |    30 ||    61
Block: Shield            |     1 |    30 ||    31
